 Dungeon Crawl Stone Soup version 0.16-a0-734-gc254e8c (webtiles) character file.

36 Grim the Ruinous (level 3, 0/26 HPs)
             Began as a Draconian Conjurer on Sept 22, 2014.
             Slain by a gnoll
             ... wielding a +0 spear of flaming
              (2 damage)
             ... on Level 2 of the Dungeon.
             The game lasted 00:08:49 (1362 turns).

Grim the Ruinous (Draconian Conjurer)               Turns: 1362, Time: 00:08:49

HP   0/26        AC  5     Str 10      XL: 3   Next: 19%
MP   4/6         EV 12     Int 16      God:
Gold 60          SH  0     Dex 11      Spells:  1 memorised,  5 levels left

rFire  . . .     SeeInvis .     e - +3 dagger
rCold  . . .     Clarity  .     (armour unavailable)
rNeg   . . .     rCorr    .     (no shield)
rPois  .         rRot     .     (helmet restricted)
rElec  .         Spirit   .     (no cloak)
SustAb .         Warding  .     (no gloves)
rMut   .         Stasis   .     (no boots)
Gourm  .                        (no amulet)
MR     .....                    (no ring)
                                (no ring)

@: not resistant to hostile enchantments, unstealthy
A: unfitting armour, cold-blooded, AC +5
a: no special abilities


You were on level 2 of the Dungeon.
You were very hungry.

You visited 1 branch of the dungeon, and saw 2 of its levels.

You collected 60 gold pieces.

Inventory:

Hand weapons
 d - a +0 spear
 e - a +3 dagger (weapon)
Comestibles
 b - a bread ration
 f - a beef jerky
 l - 3 meat rations
 p - 2 fruits
Scrolls
 h - 4 scrolls of identify {unknown}
 n - a scroll of recharging {unknown}
Potions
 a - a potion of magic {unknown}
 g - a potion of resistance {unknown}
 i - 2 potions of curing
 j - a potion of beneficial mutation {unknown}
 k - a potion of haste {unknown}
 o - a potion of degeneration {unknown}
Books
 c - a book of Conjurations

   Spells                             Type                      Level
   *Magic Dart                        Conjuration                  1
   Searing Ray                        Conjuration                  2
   Dazzling Spray                     Conjuration/Hexes            3
   Fulminant Prism                    Conjuration/Hexes            4
   Iskenderun's Mystic Blast          Conjuration                  4
   Iskenderun's Battlesphere          Conjuration/Charms           5


   Skills:
 - Level 1.7 Dodging
 - Level 1.7 Stealth
 - Level 2.0 Spellcasting
 + Level 5.1 Conjurations


You had 5 spell levels left.
You knew the following spells:

 Your Spells              Type           Power        Failure   Level  Hunger
a - Magic Dart            Conj           ###.         2%          1    #......


Dungeon Overview and Level Annotations

Branches:
Dungeon (2/15)

Altars:


Innate Abilities, Weirdness & Mutations

Your plain brown scales are hard (AC +5).
Your body does not fit into most forms of armour.
Your cold-blooded metabolism reacts poorly to cold.


Message History

The giant gecko closely misses you.
The giant gecko bites you but does no damage.
The giant gecko hisses menacingly.
The giant gecko barely misses you. The giant gecko barely misses you.
The gnoll hits you from afar with a spear of flaming.
* * * LOW HITPOINT WARNING * * *
The gnoll burns you.
* * * LOW HITPOINT WARNING * * *
The giant gecko bites you.
* * * LOW HITPOINT WARNING * * *
The giant gecko bites you but does no damage.
The giant gecko hisses menacingly.
The giant gecko bites you but does no damage.
The giant gecko barely misses you.
There is a stone staircase leading up here.
There are no items here.
The giant gecko bites you but does no damage.
The gnoll hits you from afar with a spear of flaming.
You die...

...# #. #.###.###.#
#..# .###.# #. #...
#..# ..#.# #. #####
#..#########.#.# #>
#...g..........###.#
#.##########.......#
#.##...# #...#####
#......# #.#>#
####...#####@#.#
#.......gl...#
#.#.######.###
#######.#.# ....
#.........# #..###
#.#####.### #..# #.#
#..# ##.#######...
#............


You could see a gnoll and a giant gecko.

Vanquished Creatures
  A gnoll (D:2)
  A giant gecko (D:1)
  2 giant cockroaches (D:1)
  2 goblins
  4 hobgoblins
  6 giant newts
  10 kobolds
  4 rats
30 creatures vanquished.

Notes
Turn   | Place    | Note
--------------------------------------------------------------
     0 | D:1      | Grim, the Draconian Conjurer, began the quest for the Orb.
     0 | D:1      | Reached XP level 1. HP: 14/14 MP: 3/3
   394 | D:1      | Reached XP level 2. HP: 20/20 MP: 1/4
  1279 | D:2      | Reached skill level 5 in Conjurations
  1279 | D:2      | Reached XP level 3. HP: 7/26 MP: 0/6
  1354 | D:2      | HP: 1/26 [giant gecko (4)]
  1362 | D:2      | Slain by a gnoll

Action                   || total
-------------------------++-------
Melee: Spear             ||     8
       Dagger            ||     6
 Cast: Magic Dart        ||    55
  Use: Scroll            ||     1
       Potion            ||     1
  Eat: Chunk             ||     1
